 Dungeon Crawl Stone Soup version 0.31.0-9-g3a7656b989 (webtiles) character file.

Game seed: 12996283207014469893

91 Eitelfritz the Slasher (level 4, 0/37 HPs)
             Began as a Minotaur Gladiator on Feb 3, 2024.
             Slain by a crocodile (14 damage)
             ... in a sewer.
             The game lasted 00:04:48 (1847 turns).

Eitelfritz the Slasher (Minotaur Gladiator)         Turns: 1847, Time: 00:04:48

Health: 0/37       AC:  7    Str: 19    XL:     4   Next: 33%
Magic:  3/3        EV: 11    Int:  7    God:
Gold:   103        SH:  0    Dex: 11    Spells: 3/3 levels left

rFire   . . .        a - +0 long sword
rCold   . . .        (no shield)
rNeg    . . .        n - +0 scale mail
rPois   .            c - +0 hat
rElec   .            t - +0 cloak
rCorr   .            (no gloves)
SInv    .            (no boots)
Will    .....        (no amulet) Stlth
                     (no ring)
HPRegen 0.26/turn    (no ring)
MPRegen 0.08/turn

%: no passive effects
@: no status effects
A: horns 2, retaliatory headbutt
a: no special abilities


You were in a sewer.
You visited 1 branch of the dungeon, and saw 3 of its levels.
You also visited: Sewer.

You collected 103 gold pieces.

Inventory:

Hand Weapons
 a - a +0 long sword (weapon)
 b - a +0 sling
Missiles
 d - 3 throwing nets (quivered)
 e - a javelin
Armour
 c - a +0 hat (worn)
 n - a +0 scale mail (worn)
 t - a +0 cloak (worn)
Jewellery
 o - a +6 ring of strength
Wands
 s - a wand of flame (20)
Scrolls
 f - a scroll of vulnerability {unknown}
 i - 2 scrolls of teleportation {unknown}
 j - 5 scrolls of identify {unknown}
 k - 2 scrolls of silence {unknown}
 l - a scroll of enchant weapon {unknown}
 m - a scroll of poison {unknown}
 q - a scroll of brand weapon {unknown}
 u - a scroll of torment {unknown}
Potions
 g - a potion of ambrosia {unknown}
 h - 2 potions of lignification {unknown}
 p - a potion of brilliance {unknown}
 r - a potion of heal wounds {unknown}


   Skills:
 + Level 2.9 Fighting
 + Level 5.0 Long Blades
 + Level 0.2 Ranged Weapons
 + Level 2.1 Throwing
 + Level 1.0 Armour
 + Level 4.1 Dodging


You had 3 spell levels left.
You didn't know any spells.
Your spell library contained the following spells:

 Spells                   Type           Power      Damage    Failure   Level
 Summon Small Mammal      Summ           0%         N/A       82%         1
 Call Canine Familiar     Summ           0%         N/A       99%         3
 Inner Flame              Hex/Fire       0%         N/A       99%         3
 Summon Blazeheart Golem  Fire/Summ      0%         N/A       100%        4
 Irradiate                Conj/Alch      0%         3d11      100%        5
 Ignition                 Fire           0%         3d3       100%        8


Dungeon Overview and Level Annotations

Branches:
Dungeon (3/15)              Sewer (1/1)

Altars:
Cheibriados


Innate Abilities, Weirdness & Mutations

You have a pair of horns on your head.
You reflexively headbutt those who attack you in melee.


Message History

Aiming: Throw Flame
Press: ? - help, Shift-Dir - straight line, f - crocodile
Aim: a crocodile (60% to hit)
The puff of flame misses the crocodile.
The crocodile hisses menacingly.
You closely miss the crocodile. The crocodile misses you.
You hit the crocodile but do no damage. The crocodile bites you!
The crocodile drags you backwards!
A rat comes into view.
You closely miss the crocodile. The crocodile closely misses you.
You hit the crocodile.
The crocodile is moderately wounded.
The crocodile bites you. The crocodile drags you backwards!
You barely miss the crocodile. Your headbutt misses the crocodile.
The crocodile is moderately wounded.
The rat bites you but does no damage.
The crocodile bites you but does no damage.
The rat closely misses you.
You slash the crocodile!
The crocodile is heavily wounded.
The crocodile bites you but does no damage.
The rat closely misses you.
You miss the crocodile.
The crocodile is heavily wounded.
The crocodile bites you. The crocodile drags you backwards!
Splash!
The rat barely misses you. The crocodile bites you. The rat closely misses you.
The crocodile bites you. The crocodile drags you backwards!
Splash!
The rat closely misses you. You furiously retaliate!
You headbutt the rat!
You kill the rat!
The rat closely misses you. You furiously retaliate!
You headbutt the rat!
You kill the rat!
The crocodile bites you! The crocodile drags you backwards!
Splash!
The crocodile attacks as it pursues you!
The crocodile bites you but does no damage.
The crocodile bites you!
You die...

####### #≈~~..##
##≈~≈~@####..##
#..≈≈l†~~..~..
#...≈≈≈≈≈~≈≈≈≈
#.####################
#.##......†....~~~~∩∩#
#..#.†~########.~~~###
#....~~# ##.~##
######## ####


You could see a crocodile.

Vanquished Creatures
  3 adders
  2 river rats (Sewer)
  2 dart slugs
  4 ball pythons
  2 bats
  An endoplasm (D:1)
  4 giant cockroaches
  3 goblins
  3 hobgoblins
  2 jackals (D:2)
  3 quokkas (D:3)
  3 frilled lizards
  4 kobolds
  8 rats
44 creatures vanquished.

Notes
Turn   | Place    | Note
-------+----------+-------------------------------------------
     0 | D:1      | Eitelfritz the Minotaur Gladiator began the quest for the
                  | Orb.
     0 | D:1      | Reached XP level 1. HP: 18/18 MP: 0/0
   101 | D:1      | Found a faded altar of an unknown god.
   203 | D:1      | Reached XP level 2. HP: 21/25 MP: 1/1
   283 | D:1      | Reached skill level 4 in Long Blades
  1053 | D:2      | Found a snail-covered altar of Cheibriados.
  1057 | D:2      | Reached XP level 3. HP: 30/30 MP: 2/2
  1735 | D:3      | Found a glowing drain.
  1739 | D:3      | Reached skill level 1 in Armour
  1739 | D:3      | Reached XP level 4. HP: 37/37 MP: 3/3
  1749 | Sewer    | Entered a sewer
  1778 | Sewer    | Reached skill level 5 in Long Blades
  1833 | Sewer    | Noticed a crocodile
  1847 | Sewer    | Slain by a crocodile

Illustrated notes

Levels and vault maps discovered:
D:1:      saegor_arrival_simple_d, layout_basic,
          hellmonk_ecumenical_altar_heavens_door
D:2:      layout_loops_ring, basic_altar, nrook_loot_triangle
D:3:      layout_basic, nicolae_tso_swordbearing_angel, portal_sewer_entry_d
Sewer:    sewer_sea

Skill      XL: |  1  2  3  4 |
---------------+-------------+-----
Long Blades    | 4 5 |  5.0
Dodging        | 4 |  4.1
Armour         | 1 |  1.0
Fighting       | |  2.9
Ranged Weapons | |  0.2
Throwing       | |  2.1

Action                     |  1- 3 |  4- 6 || total
---------------------------+-------+-------++-------
  Melee: Long sword        |    75 |    20 ||    95
         Headbutt          |    10 |     2 ||    12
         Punch             |       |     1 ||     1
   Fire: Sling             |     6 |       ||     6
  Evoke: Wand              |       |     1 ||     1
   Stab: Distracted        |       |     1 ||     1
 Armour: Leather armour    |     8 |       ||     8
         Ring mail         |    12 |       ||    12
         Scale mail        |    30 |    17 ||    47
  Dodge: Dodged            |    52 |    14 ||    66
